Map: Moonlight Madness LE (Void)

Players

Tefel - Winner!

  • Race: Zerg Zerg
  • League: Master

TheDoctor

  • Race: Protoss Protoss
  • League: Grandmaster

Event: Lycan League Weekly September #1

VOD

Have the link to the VOD?

Description

Time

  • Played on: Sept. 21, 2015, 12:54 p.m.
  • Length: 5:40

All games in this series

Show
View Real Time Build Order
Export as new Build Order

Tefel Zerg - Winner!

Build Orders: Hatch First, Ravager All-In 

Get SALT Encoding   

  12  0:00  Drone  
  13  0:08  Drone  
  14  0:17  Drone, Extractor  
  15  0:23  Overlord  
  15  0:41  Drone x2  
  17  0:54  Hatchery  
  16  1:05  Spawning Pool  
  16  1:08  Drone  
  16  1:11  Drone  
  17  1:14  Drone  
  18  1:20  Drone  
  19  1:30  Drone, Extractor  
  19  1:40  Drone  
  20  1:52  Queen  
  22  1:54  Overlord  
  22  2:04  Extractor  
  22  2:05  Drone  
  22  2:07  Drone  
  22  2:08  Queen  
  23  2:13  Drone  
  26  2:17  Drone  
  27  2:23  Drone  
  27  2:28  Drone  
  29  2:33  Overlord  
  29  2:38  Drone  
  29  2:40  Roach Warren  
  29  2:44  Drone  
  29  2:49  Drone  
  31  2:57  Overlord  
  31  3:00  Drone  
  31  3:01  Drone  
  31  3:02  Drone x3  
  36  3:10  Overlord  
  36  3:22  Roach  
  36  3:23  Roach x4  
  36  3:24  Roach  
  48  3:31  Overlord  
  48  3:33  Zergling x6  
  51  3:35  Zergling x2  
  52  3:43  Ravager  
  52  3:44  Ravager x3  
  52  3:45  Zergling x4  
  52  3:46  Zergling x2  
  59  3:51  Roach  
  59  3:52  Roach  
  59  3:55  Roach  
  65  3:56  Zergling x2  
  65  3:59  Overlord  
  65  4:02  Ravager  
  67  4:04  Zergling x2  
  67  4:06  Overlord  
  67  4:30  Roach x2  
  67  4:31  Roach  
  71  4:35  Roach x2  
  71  4:36  Roach  
  71  4:37  Roach  
  77  4:39  Roach, Zergling x4  
  77  4:40  Zergling x4  
  77  4:44  Roach  
  77  4:45  Overlord  
  79  4:49  Roach  
  80  4:54  Roach  
  80  4:56  Zergling x2  
  83  5:06  Roach  
  83  5:07  Roach  
  87  5:11  Roach  
  86  5:15  Roach  
  86  5:17  Roach  
  86  5:19  Zergling x2  
  86  5:20  Zergling x6  
  86  5:21  Overlord  
Show
View Real Time Build Order
Export as new Build Order

TheDoctor Protoss 

Build Orders: 1 Gate Expand 

Get SALT Encoding   

  12  0:00  Probe (Chrono Boost)  
  13  0:10  Probe (Chrono Boost)  
  14  0:18  Pylon  
  14  0:22  Probe (Chrono Boost)  
  15  0:36  Probe (Chrono Boost)  
  15  0:39  Gateway  
  16  0:46  Probe (Chrono Boost)  
  17  0:55  Probe (Chrono Boost)  
  18  1:05  Probe (Chrono Boost)  
  19  1:16  Nexus  
  19  1:18  Probe (Chrono Boost)  
  20  1:25  Assimilator  
  20  1:28  Probe (Chrono Boost)  
  20  1:31  Assimilator  
  21  1:38  Probe (Chrono Boost)  
  22  1:42  Pylon  
  22  1:48  Probe (Chrono Boost)  
  22  1:52  Cybernetics Core  
  23  2:00  Probe (Chrono Boost)  
  24  2:10  Probe (Chrono Boost)  
  25  2:20  Probe (Chrono Boost)  
  26  2:27  Mothership Core (Chrono Boost)  
  26  2:28  Adept  
  26  2:29  Warp Gate  
  30  2:30  Probe (Chrono Boost)  
  31  2:40  Probe (Chrono Boost)  
  32  2:45  Probe (Chrono Boost)  
  32  2:50  Probe (Chrono Boost)  
  34  2:52  Nexus  
  34  2:55  Probe (Chrono Boost)  
  34  2:57  Sentry  
  37  3:00  Probe (Chrono Boost)  
  38  3:07  Probe (Chrono Boost)  
  38  3:09  Probe (Chrono Boost)  
  38  3:10  Pylon  
  40  3:17  Probe (Chrono Boost)  
  40  3:19  Probe (Chrono Boost)  
  41  3:24  Sentry  
  44  3:27  Probe (Chrono Boost)  
  44  3:29  Probe (Chrono Boost)  
  44  3:33  Gateway  
  46  3:36  Gateway  
  46  3:38  Probe (Chrono Boost), Pylon  
  46  3:39  Probe (Chrono Boost)  
  48  3:45  Assimilator  
  48  3:46  Assimilator  
  48  3:48  Probe (Chrono Boost)  
  48  3:50  Probe (Chrono Boost)  
  50  3:58  Probe (Chrono Boost), Pylon  
  50  4:02  Probe (Chrono Boost)  
  51  4:03  Forge  
  51  4:05  Pylon  
  51  4:08  Probe (Chrono Boost)  
  53  4:11  Probe (Chrono Boost)  
  53  4:12  Probe (Chrono Boost)  
  55  4:18  Probe (Chrono Boost)  
  55  4:21  Probe (Chrono Boost)  
  55  4:28  Pylon  
  55  4:30  Pylon  
  55  4:32  Pylon  
  51  4:41  Zealot x2  
  50  4:53  Pylon  
  50  4:54  Pylon  
  50  4:58  Cybernetics Core  
  50  5:02  Zealot x2  
  38  5:15  Probe (Chrono Boost)  
  38  5:16  Probe x2 (Chrono Boost)  
  38  5:23  Zealot  
  38  5:24  Zealot x2  
  38  5:26  Probe x3 (Chrono Boost)  

Tags
 
Add a new tag
Caveats
  • Supply blocks, unpowered buildings, or Contaminate may cause inaccurate times.
  • Supply counts are checked every 10 seconds.